 Dungeon Crawl Stone Soup version 0.29-a0-334-gb41bcbb86e (webtiles) character file.

Game seed: 4587902310725608182

32565 Morbidden the Grappler (level 13, 0/123 HPs)
             Began as a Troll Monk on Apr 14, 2022.
             Was a High Priest of the Shining One.
             Shot with an arrow by a centaur warrior (8 damage)
             ... while petrified by a basilisk
             ... on level 13 of the Dungeon.
             The game lasted 00:22:36 (10672 turns).

Morbidden the Grappler (Troll Monk)                Turns: 10672, Time: 00:22:37

Health: 0/123      AC: 17    Str: 22    XL:     13   Next: 32%
Magic:  16/16      EV:  1    Int: 10    God:    the Shining One [*****.]
Gold:   1258       SH:  0    Dex: 14    Spells: 7/20 levels left

rFire   + . .      SeeInvis .     - Unarmed
rCold   + . .      Faith    .   (no shield)
rNeg    + + +      Spirit   .   J - +3 troll leather armour
rPois   ∞          Reflect  .   t - +2 hat
rElec   .          Harm     .   s - scarf {rC+ rF+}
rCorr   .          Rampage  .   (gloves unavailable)
Will    .....                   (boots unavailable)
Stlth   +.........              b - amulet of magic regeneration
HPRegen 1.90/turn               j - +4 ring of protection
MPRegen 0.55/turn               i - +4 ring of evasion

@: petrified, glowing
A: large, unfitting armour, claws 3, regeneration 1, shaggy fur 1, tough skin 1,
iridescent scales 1, agile 1, low MP 1
a: Renounce Religion, Divine Shield, Cleansing Flame, Summon Divine Warrior


You were on level 13 of the Dungeon.
You worshipped the Shining One.
The Shining One was extremely pleased with you.
You visited 3 branches of the dungeon, and saw 15 of its levels.
You also visited: Gauntlet.

You collected 1258 gold pieces.

Inventory:

Hand Weapons
 F - the +7 staff of the Meek {protect, meekguard}
   (You found it on level 7 of the Dungeon)

   It grants its wielder temporary protection when it strikes (+7 to AC).
   It provides extra protection to wielders with little health.
Missiles
 w - 17 large rocks
 C - 3 boomerangs (quivered)
 D - a throwing net
 E - 9 javelins
 H - 2 curare-tipped darts
Armour
 a - a +2 robe of fire resistance
 h - the +0 cloak of Dawn {Int+3 Dex+3 SInv}
   (You found it in a Gauntlet)

   Int:       It affects your intelligence (+3).
   Dex:       It affects your dexterity (+3).
   SInv:      It lets you see invisible.
 s - a scarf of resistance (worn)
 t - a +2 hat (worn)
 J - a +3 troll leather armour (worn)
Jewellery
 b - an amulet of magic regeneration (around neck)
 i - a +4 ring of evasion (right claw)
 j - a +4 ring of protection (left claw)
 K - a ring of fire
 M - the ring of Ignis's Grace {MP+9 Dex+5}
   (You found it in a Gauntlet)

   [ring of magical power]

   Dex:       It affects your dexterity (+5).
   MP:        It affects your magic capacity (+9).
 N - an amulet of faith
 P - the ring of the Fiend {rN+ rCorr SInv}
   (You took it off a minotaur in a Gauntlet)

   [ring of see invisible]

   rN:        It protects you from negative energy.
   SInv:      It lets you see invisible.
   rCorr:     It protects you from acid and corrosion.
 Q - a ring of see invisible
Wands
 o - a wand of paralysis (9)
 q - a wand of flame (23)
 v - a wand of iceblast (11)
 B - a wand of charming (5)
 L - a wand of acid (2)
Scrolls
 c - 3 scrolls of vulnerability
 d - a scroll of magic mapping
 k - 11 scrolls of identify
 m - 3 scrolls of teleportation
 n - 2 scrolls of blinking
 y - 2 scrolls of enchant weapon
 A - 3 scrolls of fear
 O - a scroll of amnesia
Potions
 e - 3 potions of mutation
 f - 5 potions of heal wounds
 g - 8 potions of curing {unknown}
 l - 3 potions of flight {unknown}
 p - 4 potions of berserk rage
 r - 3 potions of attraction
 u - 4 potions of degeneration
 x - 3 potions of lignification
 z - 3 potions of might
 I - a potion of brilliance
Miscellaneous
 G - a tin of tremorstones (1/2)


   Skills:
 * Level 6.8 Fighting
 * Level 4.4 Throwing
 + Level 3.8 Armour
 * Level 8.0 Dodging
 + Level 1.8 Stealth
 * Level 13.2 Unarmed Combat
 * Level 4.2 Spellcasting
 * Level 5.1 Translocations
 * Level 3.8 Transmutations
 * Level 4.0 Earth Magic
 * Level 5.2 Invocations
 + Level 0.9 Evocations


You had 7 spell levels left.
You knew the following spells:

 Your Spells              Type           Power      Damage    Failure   Level
a - Blink                 Tloc           24%        N/A       5%          2
b - Statue Form           Tmut/Erth      6%         N/A       100%        6
c - Manifold Assault      Tloc           12%        N/A       69%         5

Your spell library contained the following spells:

 Spells                   Type           Power      Damage    Failure   Level
 Sandblast                Erth           20%        2d7       5%          1
 Lesser Beckoning         Tloc           12%        N/A       11%         3
 Freeze                   Ice            8%         1d3       28%         1
 Magic Dart               Conj           8%         1d3       28%         1
 Summon Small Mammal      Summ           8%         N/A       28%         1
 Call Imp                 Summ           2%         N/A       41%         2
 Ensorcelled Hibernation  Hex/Ice        4%         N/A       41%         2
 Call Canine Familiar     Summ           2%         N/A       65%         3
 Frozen Ramparts          Ice            4%         1d2       65%         3
 Mephitic Cloud           Conj/Pois/Air  2%         N/A       65%         3
 Ozocubu's Armour         Ice            2%         N/A       65%         3
 Summon Guardian Golem    Hex/Summ       2%         N/A       65%         3
 Tukima's Dance           Hex            2%         N/A       65%         3
 Leda's Liquefaction      Hex/Erth       3%         N/A       77%         4
 Ice Form                 Ice/Tmut       5%         N/A       78%         4
 Blade Hands              Tmut           4%         N/A       86%         5
 Anguish                  Hex/Necr       1%         N/A       96%         4
 Hailstorm                Conj/Ice       2%         3d3       96%         4
 Sticky Flame             Conj/Fire      2%         2d3       96%         4
 Summon Ice Beast         Ice/Summ       2%         N/A       96%         4
 Borgnjor's Vile Clutch   Necr/Erth      3%         N/A       98%         5
 Eringya's Noxious Bog    Tmut/Pois      2%         N/A       100%        6
 Enfeeble                 Hex            1%         N/A       100%        7
 Ozocubu's Refrigeration  Ice            1%         4d5       100%        7


Dungeon Overview and Level Annotations

Branches:
Dungeon (13/15)            Temple (1/1) D:6            Lair (1/6) D:9
    Orc (0/2) D:9          Vaults (0/5) D:13        Gauntlet (visited)

Altars:
Ashenzari
Cheibriados
Dithmenos
Elyvilon
Fedhas
Gozag
Hepliaklqana
Kikubaaqudgha
Makhleb
Nemelex Xobeh
Okawaru
Qazlal
Ru
Sif Muna
Trog
Uskayaw
Vehumet
Wu Jian
Xom
Yredelemnul
Zin
The Shining One

Shops:
D:1 *

Annotations:
D:5 4 runed translucent doors
D:6 1 runed translucent door, Crazy Yiuf
D:13 Rupert, Urug


Innate Abilities, Weirdness & Mutations

You are too large for most types of armour.
You have claws for hands.
Your natural rate of healing is unusually fast.
You are covered in fur. (AC +1)
You have tough skin. (AC +1)
You are partially covered in iridescent scales. (AC +2)
You are agile. (Dex +2)
Your magical capacity is low. (-10% MP)


Message History

You are slowing down.
You scratch the centaur warrior.
The centaur warrior is moderately wounded.
Your surroundings suddenly seem different.
Rupert yells loudly at you.
You struggle to resist.
Rupert hits you with a +3 battleaxe of electrocution!
You are electrocuted!
You have turned to stone.
Rupert hits you with a +3 battleaxe of electrocution!
The centaur warrior wields a +0 shortbow.
The centaur warrior shoots an arrow.
The arrow hits you. Rupert roars wildly at you.
You suddenly lose the ability to move!
Rupert yells loudly at you.
You are confused.
The centaur warrior shoots an arrow.
The arrow hits you!
The centaur warrior shoots an arrow.
The arrow hits you.
Rupert hits you with a +3 battleaxe of electrocution!
The centaur warrior shoots an arrow.
The arrow hits you!
Rupert hits you with a +3 battleaxe of electrocution!
You are electrocuted!!
* * * LOW HITPOINT WARNING * * *
The centaur warrior shoots an arrow.
The arrow hits you!
* * * LOW HITPOINT WARNING * * *
Rupert hits you but does no damage.
You feel yourself speed up.
The centaur warrior shoots an arrow.
The arrow hits you!
* * * LOW HITPOINT WARNING * * *
The centaur warrior shoots an arrow.
The arrow hits you!
* * * LOW HITPOINT WARNING * * *
Rupert hits you with a +3 battleaxe of electrocution!
* * * LOW HITPOINT WARNING * * *
Rupert hits you with a +3 battleaxe of electrocution!
* * * LOW HITPOINT WARNING * * *
You feel less confused.
The centaur warrior shoots an arrow.
The arrow hits you!
* * * LOW HITPOINT WARNING * * *
Rupert roars madly and goes into a rage!
Rupert goes berserk!
The centaur warrior shoots an arrow.
The arrow hits you!
You die...

..........##...............
.....##.#..###.............
......###..................
.....#.......#..##W....#...
.....#..........#.c........
...........................
..........................
...............@.........
................@.......
........................
#..........<>.............
.............?∩<..............
.................................
.....................[...........
................................>
.................................
....................p..........


You could see Rupert (berserk), a centaur warrior and a wraith.

Vanquished Creatures
  A minotaur (Gauntlet)
  Snorg (D:12)
  A green death (Gauntlet)
  3 boulder beetles
  3 hydras
  5 two-headed ogres
  Erica (D:8)
  An ugly thing (D:7)
  3 cyclopes (D:12)
  2 manticores
  A black mamba (Lair:1)
  6 elephants (Gauntlet)
  5 cane toads (Lair:1)
  A gargoyle (D:12)
  Maggie (D:6)
  An orange demon (Gauntlet)
  An unseen horror (D:12)
  A torpor snail (Gauntlet)
  A tengu conjurer (D:13)
  An efreet (D:12)
  3 komodo dragons
  2 trolls (D:9)
  Prince Ribbit (D:6)
  A queen bee (Gauntlet)
  A hornet (D:8)
  Grinder (D:3)
  7 slime creatures
  18 yaks
  A shadow (D:7)
  A yak (shapeshifter) (D:12)
  3 wyverns
  A basilisk (D:7)
  2 wraiths (D:12)
  9 humans
  6 vampire mosquitoes
  2 steam dragons
  Grum (Lair:1)
  2 acid dragons (D:7)
  5 water moccasins
  3 black bears
  2 ice beasts (D:5)
  2 sky beasts (D:5)
  9 orc warriors
  2 ogres (D:5)
  8 wolves
  4 centaurs
  2 phantoms (D:5)
  3 kobold brigands
  Blork the orc (D:6)
  7 bullfrogs
  A necrophage (D:8)
  A gnoll sergeant (D:8)
  4 scorpions
  5 wights (D:9)
  6 killer bees
  An electric eel (D:9)
  2 jellies (D:5)
  6 hounds
  9 orc priests
  4 gnoll shamans
  Natasha (twice) (D:3)
  3 iguanas
  15 orc wizards
  Robin (D:4)
  8 gnolls
  5 adders
  2 shadow imps
  A white imp (D:5)
  2 ufetubi (D:5)
  A worm (D:3)
  A dart slug (D:5)
  38 orcs
  6 bats
  7 endoplasms
  5 giant cockroaches
  18 goblins
  4 hobgoblins
  6 jackals
  3 quokkas
  5 ball pythons
  2 frilled lizards
  19 kobolds
  7 rats
350 creatures vanquished.

Vanquished Creatures (others)
  3 kobolds (D:9)
  3 demonic plants (Gauntlet)
  A fungus (Gauntlet)
  2 plants (Lair:1)
9 creatures vanquished.

Grand Total: 359 creatures vanquished

Notes
Turn   | Place    | Note
-------+----------+-------------------------------------------
     0 | D:1      | Morbidden the Troll Monk began the quest for the Orb.
     0 | D:1      | Reached XP level 1. HP: 22/22 MP: 0/0
   142 | D:1      | Reached XP level 2. HP: 29/29 MP: 1/1
   328 | D:1      | Found Vouck's General Store.
   466 | D:1      | Reached XP level 3. HP: 36/36 MP: 2/2
   717 | D:2      | Reached skill level 4 in Unarmed Combat
   719 | D:2      | Found a faded altar of an unknown god.
   886 | D:2      | Found an iron altar of Okawaru.
  1031 | D:2      | Reached XP level 4. HP: 44/44 MP: 3/3
  1042 | D:2      | Learned a level 2 spell: Blink
  1187 | D:3      | Noticed Natasha
  1194 | D:3      | Killed Natasha
  1219 | D:3      | Noticed Natasha
  1228 | D:3      | Killed Natasha
  1258 | D:3      | Noticed Grinder
  1265 | D:3      | Paralysed by Grinder for 5 turns
  1276 | D:3      | Paralysed by Grinder for 3 turns
  1284 | D:3      | Killed Grinder
  1285 | D:3      | Reached skill level 5 in Unarmed Combat
  1285 | D:3      | Reached skill level 1 in Translocations
  1285 | D:3      | Reached XP level 5. HP: 35/53 MP: 3/5
  1285 | D:3      | Reached XP level 6. HP: 40/61 MP: 3/6
  1986 | D:4      | Reached skill level 1 in Spellcasting
  2065 | D:4      | Found a hazy altar of Hepliaklqana.
  2071 | D:4      | Found a broken altar of Ashenzari.
  2186 | D:4      | Noticed Robin
  2204 | D:4      | Killed Robin
  2326 | D:5      | Entered Level 5 of the Dungeon
  2342 | D:5      | Reached XP level 7. HP: 43/67 MP: 7/7
  2427 | D:5      | Reached skill level 6 in Unarmed Combat
  2751 | D:5      | Found a large runed translucent door.
  2751 | D:5      | Found a large runed translucent door.
  2754 | D:5      | Noticed a two-headed ogre
  2754 | D:5      | Noticed a two-headed ogre
  2775 | D:5      | Found a large runed translucent door.
  2775 | D:5      | Found a large runed translucent door.
  2792 | D:5      | Reached XP level 8. HP: 78/78 MP: 9/9
  2873 | D:5      | Reached skill level 7 in Unarmed Combat
  2981 | D:5      | Reached skill level 5 in Dodging
  3119 | D:6      | Noticed Maggie
  3136 | D:6      | Gained mutation: You are agile. (Dex +2) [potion of
                  | mutation]
  3136 | D:6      | Gained mutation: You are partially covered in iridescent
                  | scales. (AC +2) [potion of mutation]
  3136 | D:6      | Gained mutation: Your magical capacity is low. (-10% MP)
                  | [potion of mutation]
  3143 | D:6      | HP: 3/78 [Maggie/+3 vampiric morningstar (12)]
  3144 | D:6      | Killed Maggie
  3145 | D:6      | Reached XP level 9. HP: 4/84 MP: 10/10
  3525 | D:6      | Found a staircase to the Ecumenical Temple.
  3525 | D:6      | Noticed Blork the orc
  3531 | D:6      | Killed Blork the orc
  3532 | D:6      | Reached skill level 8 in Unarmed Combat
  3538 | Temple   | Entered the Ecumenical Temple
  3778 | Temple   | Became a worshipper of the Shining One
  3778 | Temple   | Reached * piety under the Shining One
  3778 | Temple   | Reached ** piety under the Shining One
  4005 | D:6      | Found a runed translucent door.
  4006 | D:6      | Noticed Crazy Yiuf
  4086 | D:6      | Noticed Prince Ribbit
  4113 | D:6      | Killed Prince Ribbit
  4460 | D:7      | Found the +7 staff of the Meek {protect, meekguard}
  4575 | D:7      | Reached skill level 1 in Throwing
  4575 | D:7      | Reached skill level 1 in Invocations
  4597 | D:7      | Reached skill level 1 in Armour
  4724 | D:7      | Noticed a white ugly thing
  4725 | D:7      | Noticed a five-headed hydra
  4729 | D:7      | Noticed a five-headed hydra
  4770 | D:7      | Killed a 12-headed hydra
  4771 | D:7      | Reached XP level 10. HP: 48/94 MP: 12/12
  4851 | D:7      | Killed a white ugly thing
  4852 | D:7      | Reached skill level 9 in Unarmed Combat
  4878 | D:7      | Identified the +10 lajatang "Vait" {antimagic, *Noise rN+
                  | Int+3}
  4878 | D:7      | Identified the +7 spear of Quantum Leap {spect, *Corrode
                  | Int+3 Dex+3 SInv}
  4902 | D:7      | Got the Incunabulum of the Many Songs
  4934 | D:7      | Learned a level 6 spell: Statue Form
  4943 | D:7      | Learned a level 5 spell: Manifold Assault
  5040 | D:7      | Killed an 18-headed hydra
  5041 | D:7      | Reached skill level 5 in Fighting
  5240 | D:7      | Reached skill level 1 in Earth Magic
  5379 | D:8      | Reached skill level 1 in Transmutations
  5445 | D:8      | Reached *** piety under the Shining One
  5534 | D:8      | Noticed a two-headed ogre
  5545 | D:8      | Killed a two-headed ogre
  5680 | D:8      | Reached XP level 11. HP: 104/104 MP: 13/13
  5857 | D:8      | Paralysed by a hornet for 2 turns
  5870 | D:8      | Paralysed by a hornet for 2 turns
  6119 | D:8      | Noticed Erica
  6141 | D:8      | Killed Erica
  6216 | D:8      | Noticed a two-headed ogre
  6225 | D:8      | Killed a two-headed ogre
  6487 | D:9      | Found a shimmering blue altar of Sif Muna.
  6534 | D:9      | Reached skill level 10 in Unarmed Combat
  6537 | D:9      | Reached **** piety under the Shining One
  6619 | D:9      | Found a staircase to the Lair.
  6995 | D:9      | Found a staircase to the Orcish Mines.
  7274 | D:10     | Entered Level 10 of the Dungeon
  7877 | Lair:1   | Entered Level 1 of the Lair of Beasts
  8207 | Lair:1   | Noticed Grum
  8213 | Lair:1   | Reached XP level 12. HP: 108/114 MP: 14/14
  8220 | Lair:1   | Killed Grum
  8248 | Lair:1   | Noticed a six-headed hydra
  8254 | Lair:1   | Killed a six-headed hydra
  8255 | Lair:1   | Reached skill level 11 in Unarmed Combat
  8279 | Lair:1   | Noticed a six-headed hydra
  8624 | D:11     | Noticed a boulder beetle
  8640 | D:11     | Killed a boulder beetle
  8692 | D:11     | Noticed a two-headed ogre
  8700 | D:11     | Killed a two-headed ogre
  9170 | D:11     | Noticed a two-headed ogre
  9178 | D:11     | Killed a two-headed ogre
  9335 | D:12     | Noticed a two-headed ogre
  9347 | D:12     | Killed a two-headed ogre
  9348 | D:12     | Reached skill level 12 in Unarmed Combat
  9445 | D:12     | Noticed a boulder beetle
  9473 | D:12     | Killed a boulder beetle
  9871 | D:13     | Noticed Snorg
  9871 | D:13     | Noticed a boulder beetle
  9871 | D:13     | Found a gate leading to a gauntlet.
  9897 | D:12     | Killed Snorg
  9904 | D:12     | Killed a boulder beetle
  9934 | D:13     | Reached ***** piety under the Shining One
  9938 | D:13     | Noticed Rupert
  9942 | D:13     | Noticed Urug
  9943 | Gauntlet | Entered a Gauntlet
  9943 | Gauntlet | Found a transporter.
  9943 | Gauntlet | Found a transporter.
  9958 | Gauntlet | Found a transporter.
  9959 | Gauntlet | Found a transporter.
  9962 | Gauntlet | Found a runed translucent door.
  9964 | Gauntlet | Found a runed translucent door.
  9966 | Gauntlet | Found a transporter.
  9970 | Gauntlet | Found a transporter.
  9976 | Gauntlet | Noticed a green death
  9978 | Gauntlet | Found a transporter.
  9994 | Gauntlet | Found a transporter.
 10008 | Gauntlet | Found a transporter.
 10012 | Gauntlet | Found a transporter.
 10020 | Gauntlet | Found a transporter.
 10024 | Gauntlet | Found a transporter.
 10109 | Gauntlet | Reached XP level 13. HP: 118/122 MP: 16/16
 10121 | Gauntlet | Got the Compendium of Ignition and Transmutation
 10155 | Gauntlet | Identified the +0 cloak of Dawn {Int+3 Dex+3 SInv}
 10184 | Gauntlet | Identified the ring of Ignis's Grace {MP+9 Dex+5}
 10203 | Gauntlet | Killed a green death
 10204 | Gauntlet | Reached skill level 13 in Unarmed Combat
 10254 | Gauntlet | Identified the ring of the Fiend {rN+ rCorr SInv}
 10254 | Gauntlet | Noticed a minotaur
 10264 | Gauntlet | Killed a minotaur
 10265 | Gauntlet | Reached skill level 5 in Invocations
 10272 | Gauntlet | Got the Disquisition on the Snowflakes and the Rocks
 10336 | D:13     | Reached skill level 5 in Translocations
 10503 | D:13     | Found a gate to the Vaults.
 10598 | D:13     | Paralysed by Rupert for 5 turns
 10665 | D:13     | Paralysed by Rupert for 3 turns
 10672 | D:13     | Shot with an arrow by a centaur warrior

Illustrated notes

Levels and vault maps discovered:
D:1:      lightli_iron_boxes, layout_basic, serial_shops,
          nicolae_shop_hallway_plus
D:2:      layout_rooms, basic_altar, basic_ecumenical_altar,
          hangedman_feature_mirror
D:3:      layout_loops_cross, st_stairs_1, uniq_natasha, uniq_grinder
D:4:      layout_basic, minitemple, uniq_robin
D:5:      layout_rooms, dk_vineyard_3, minmay_hollow_rounded_squares
D:6:      layout_basic, lemuel_temple_firewalk_a, kennysheep_cluttered_room,
          uniq_maggie, uniq_prince_ribbit1, uniq_crazy_yiuf_cottage,
          uniq_blork_the_orc
D:7:      minmay_the_grid_octo_2x2 [minmay_the_grid_octo_thin_diamonds,
          minmay_the_grid_octo_focus, minmay_the_grid_octo_tetromino_candy,
          minmay_the_grid_octo_prize_square_snowflake], layout_basic,
          mrwooster_statue_mirror
D:8:      minmay_polygon_palace, layout_basic, uniq_erica
D:9:      layout_basic, overflow_temple_1_default, erik_lair_island,
          orc_0_dummy, item_on_display_a
D:10:     layout_roguey, bh_walls_and_bars
D:11:     layout_irregular_city
D:12:     lemuel_flame_loot_2, layout_basic
D:13:     layout_cave_pools, david_vaults_3, gauntlet_entry_generic, uniq_snorg,
          uniq_josephine
Temple:   mainiacjoe_temple_bowtie_tessellation
Lair:1:   layout_gridlike, minivault_11, st_stairs_10, serial_bayou_shore_b,
          uniq_grum, uniq_urug

Skill      XL: |  1  2  3  4  5  6  7  8  9 10 11 12 13 |
---------------+----------------------------------------+-----
Unarmed Combat | 4 5 6 7 8 9 10 12 13 | 13.2
Dodging        | 3 4 5 6 7 8 |  8.0
Fighting       | 3 4 5 6 |  6.8
Translocations | 1 2 3 4 5 |  5.1
Spellcasting   | 1 2 3 4 |  4.2
Throwing       | 2 3 4 |  4.4
Invocations    | 2 3 4 5 |  5.2
Armour         | 2 3 |  3.8
Earth Magic    | 1 3 4 |  4.0
Transmutations | 1 2 3 |  3.8
Stealth        | |  1.8
Evocations     | |  0.9

Action                   |  1- 3 |  4- 6 |  7- 9 | 10-12 | 13-15 || total
-------------------------+-------+-------+-------+-------+-------++-------
Melee: Unarmed           |    90 |    87 |   247 |   569 |   114 ||  1107
       Punch             |     2 |     1 |    13 |    49 |    16 ||    81
Throw: Large rock        |       |       |     1 |     7 |       ||     8
       Boomerang         |       |       |     7 |    17 |    20 ||    44
       Javelin           |       |       |     3 |     8 |       ||    11
       Dart              |       |       |     1 |     4 |     1 ||     6
Evoke: Wand              |       |       |       |    18 |       ||    18
       Tin of tremorston |       |       |       |     2 |     1 ||     3
  Use: Scroll            |       |    13 |     3 |     9 |     6 ||    31
       Potion            |       |       |     4 |     3 |       ||     7
 Stab: Sleeping          |     1 |     4 |       |       |       ||     5
Armor: Robe              |    32 |    53 |    56 |       |       ||   141
       Acid dragon scale |       |       |    77 |    82 |       ||   159
       Troll leather arm |       |       |       |   175 |    72 ||   247
Dodge: Dodged            |    38 |    61 |   151 |   518 |   132 ||   900

Table legend: (Time is in decaauts)
 A = Elapsed time spent in this place.
 B = Non-inter-level travel time spent in this place.
 C = Inter-level travel time spent in this place.
 D = Time resting spent in this place.
 E = Time spent auto-exploring this place.
 F = Levels seen in this place.
 G = Mean time per level.
                   A        B        C        D        E       F      G
               +--------+--------+--------+--------+--------+-----+--------+
         Total |  10563 |  10157 |    406 |    683 |   6895 |  16 |  660.2 |
       Dungeon |   9275 |   8922 |    353 |    681 |   6122 |  13 |  713.5 |
        Temple |    268 |    216 |     52 |      0 |    192 |   1 |  268.0 |
          Lair |    640 |    640 |      0 |      0 |    419 |   1 |  640.0 |
      Gauntlet |    378 |    378 |      0 |      2 |    162 |   1 |  378.0 |
               +--------+--------+--------+--------+--------+-----+--------+

Top non-repeatable levels by time:
     D:8: 1139 daAuts
     D:7: 1009 daAuts
     D:6: 975 daAuts
     D:9: 815 daAuts
    D:12: 755 daAuts
     D:5: 733 daAuts
     D:3: 719 daAuts
  Lair:1: 640 daAuts
    D:10: 636 daAuts
     D:1: 603 daAuts
    D:11: 602 daAuts
     D:4: 565 daAuts
     D:2: 440 daAuts
Gauntlet: 378 daAuts
    D:13: 279 daAuts
